 Dungeon Crawl Stone Soup version 0.20.1-1-g8b1a95d (webtiles) character file.

1591 Echep the Skirmisher (level 8, -8/73 HPs)
             Began as a Yellow Draconian Wanderer on Oct 31, 2017.
             Was an Initiate of Gozag.
             Mangled by bande's ghost (18 damage)
             ... on level 7 of the Dungeon.
             The game lasted 00:49:51 (5809 turns).

Echep the Skirmisher (Yellow Draconian Wanderer)    Turns: 5809, Time: 00:49:54

Health: -8/73      AC:  7    Str: 18    XL:     8   Next: 61%
Magic:  8/8        EV: 12    Int: 11    God:    Gozag
Gold:   266        SH:  0    Dex: 11    Spells: 7/7 levels left

rFire    . . .     SeeInvis .   F - +2 dire flail (crush)
rCold    . . .     Gourm    .   (shield currently unavailable)
rNeg     . . .     Faith    .   (armour unavailable)
rPois    .         Spirit   .   (helmet restricted)
rElec    .         Reflect  .   (no cloak)
rCorr    +         Harm     .   (no gloves)
MR       .....                  J - +0 pair of boots {Stlth+}
Stlth    +++.......             (no amulet)
Regen    0.3/turn               (no ring)
MPRegen  0.2/turn               (no ring)

@: fainting
A: spit acid, acid resistance, unfitting armour, cold-blooded, AC +6
a: Breathe Acid, Potion Petition, Call Merchant, Bribe Branch, Renounce Religion


You were on level 7 of the Dungeon.
You worshipped Gozag.
Gozag was aware of your devotion.
You were fainting.

You visited 1 branch of the dungeon, and saw 7 of its levels.

You collected 522 gold pieces.
You spent 195 gold pieces at shops.
You paid 61 gold pieces to Gozag.

Inventory:

Hand Weapons
 a - a +2 hand crossbow
 c - a +0 shortbow
 i - a +0 dagger
 k - a +0 hunting sling
 o - a +0 spear
 p - a +2 short sword of venom
 v - a +2 dagger of protection
 x - a +1 flail of holy wrath
 y - a +0 dagger
 A - a +1 short sword of venom
 F - a +2 dire flail of crushing (weapon)
 L - a +0 great sword
Missiles
 b - 37 bolts
 d - 120 arrows
 g - 244 stones
 q - 5 tomahawks (quivered)
 t - 52 poisoned needles
 K - 39 sling bullets
Armour
 h - a +1 shield
 m - a +0 pair of boots
 H - a +3 plate armour
 J - a +0 pair of boots of stealth (worn)
Jewellery
 D - a cursed -2 ring of strength {unknown}
 G - an uncursed ring of resist corrosion {unknown}
Wands
 I - a wand of scattershot (7/9)
 N - a wand of lightning (5/15)
Scrolls
 u - 2 scrolls of teleportation
 B - a scroll of blinking {unknown}
 C - 2 scrolls of identify
 E - a scroll of enchant weapon {unknown}
 O - a scroll of immolation {unknown}
Potions
 e - 3 potions of lignification
 j - a potion of haste {unknown}
 l - 2 potions of heal wounds
 n - a potion of ambrosia {unknown}
 w - 4 potions of curing {unknown}
 z - a potion of degeneration {unknown}
Comestibles
 f - 4 bread rations
 r - 7 fruits
 s - 2 royal jellies
 M - 2 meat rations


   Skills:
 + Level 7.1 Fighting
 + Level 2.1 Maces & Flails
 + Level 6.1 Bows
 + Level 5.6 Crossbows
 + Level 1.1 Throwing
 + Level 1.8 Dodging
 + Level 1.4 Stealth
 + Level 1.7 Shields


You had 7 spell levels left.
You didn't know any spells.

Dungeon Overview and Level Annotations

Branches:
Dungeon (7/15)
 Temple: D:4-7

Altars:
Elyvilon
Gozag
Hepliaklqana
Kikubaaqudgha
Makhleb
Nemelex Xobeh
The Shining One

Shops:
D:5 [

Annotations:
D:7 bande's ghost, novice MiBe


Innate Abilities, Weirdness & Mutations

You can spit globs of acid.
You are resistant to acid.
Your golden yellow scales are hard. (AC +6)
You cannot fit into any form of body armour.
You are cold-blooded and may be slowed by cold attacks.


Message History

The hungry ghost hits you.
You feel slightly more hungry. Bande's ghost barely misses you.
The hungry ghost hits you.
You feel slightly more hungry.
You closely miss the hungry ghost.
You tail-slap the hungry ghost, but do no damage.
The hungry ghost is almost destroyed.
Bande's ghost hits you but does no damage.
The hungry ghost completely misses you.
You miss the hungry ghost.
The hungry ghost is almost destroyed.
Bande's ghost hits you!
* * * LOW HITPOINT WARNING * * *
The hungry ghost closely misses you.
You closely miss the hungry ghost.
The hungry ghost is almost destroyed.
Bande's ghost hits you!
* * * LOW HITPOINT WARNING * * *
The hungry ghost barely misses you. Bande's ghost hits you!!
You die...
Your body crumbles into a pile of gold.

.# ##.# ...##
#...## ....#
...#####
#.#####W...... $
#.....@W#
#######.# $ #.#
#.# #.# #.# #.#
#########
######## #####.#
#<......#
##......###...#.#
#.#####.#


You could see a hungry ghost and bande's ghost.

Vanquished Creatures
  The ghost of HailEris the Slasher, an amateur VSGl (D:5)
  The ghost of mole0619 the Chopper, an amateur HOMo of Qazlal (D:6)
  Edmund (D:5)
  A sky beast (D:6)
  2 ice beasts (D:5)
  A phantom (D:4)
  An ogre (D:5)
  A bullfrog (D:6)
  A scorpion (D:6)
  3 crimson imps
  A jelly (D:5)
  A centaur skeleton (D:6)
  2 hounds
  An orc wizard (D:4)
  3 bullfrog skeletons
  An iguana (D:6)
  Ijyb (D:5)
  Terence (D:1)
  A worker ant (D:5)
  A hound zombie (D:5)
  A hound skeleton (D:5)
  Robin (D:4)
  A worker ant zombie (D:5)
  5 adders
  A shadow imp (D:6)
  An ooze (D:5)
  3 worms
  3 dart slugs
  4 leopard geckos
  5 orcs
  9 giant cockroaches
  15 goblins
  7 hobgoblins
  4 jackals
  7 bats
  4 frilled lizards
  A giant cockroach zombie (D:5)
  10 kobolds
  A leopard gecko skeleton (D:6)
  8 rats
117 creatures vanquished.

Notes
Turn   | Place    | Note
-------+----------+-------------------------------------------
     0 | D:1      | Echep the Draconian Wanderer began the quest for the Orb.
     0 | D:1      | Echep set off with: a +2 hand crossbow, 26 bolts, a +0 shortbow, 28 arrows, a potion of lignification, a bread ration
     0 | D:1      | Reached XP level 1. HP: 22/22 MP: 1/1
   187 | D:1      | Reached XP level 2. HP: 27/28 MP: 2/2
   391 | D:1      | Reached skill level 5 in Fighting
  1039 | D:2      | Reached XP level 3. HP: 31/36 MP: 3/3
  1098 | D:2      | Noticed Terence
  1139 | D:1      | Killed Terence
  1417 | D:2      | Reached XP level 4. HP: 42/42 MP: 4/4
  2008 | D:3      | Found a burning altar of Makhleb.
  2079 | D:3      | Found a glowing golden altar of the Shining One.
  2212 | D:3      | Found an ancient bone altar of Kikubaaqudgha.
  2221 | D:3      | Found a hazy altar of Hepliaklqana.
  2856 | D:3      | Reached XP level 5. HP: 48/48 MP: 5/5
  2933 | D:4      | Noticed a phantom
  2979 | D:4      | Killed a phantom
  3174 | D:4      | Reached XP level 6. HP: 56/56 MP: 6/6
  3195 | D:4      | Noticed Robin
  3221 | D:4      | Killed Robin
  3372 | D:4      | Found an opulent altar of Gozag.
  3387 | D:4      | Became a worshipper of Gozag Ym Sagoz the Greedy
  3907 | D:5      | Entered Level 5 of the Dungeon
  3917 | D:5      | Noticed an ice beast
  3927 | D:5      | Killed an ice beast
  4072 | D:5      | Noticed Edmund
  4089 | D:5      | Killed Edmund
  4089 | D:5      | Reached skill level 6 in Fighting
  4089 | D:5      | Your scales start taking on a golden yellow colour.
  4089 | D:5      | Reached XP level 7. HP: 42/63 MP: 7/7
  4126 | D:5      | Reached skill level 5 in Crossbows
  4171 | D:5      | Noticed HailEris's ghost (amateur VSGl)
  4408 | D:5      | Killed HailEris's ghost
  4408 | D:5      | Reached skill level 1 in Dodging
  4408 | D:5      | Reached skill level 1 in Stealth
  4473 | D:5      | Noticed Ijyb
  4486 | D:5      | Killed Ijyb
  4667 | D:5      | Found Plog's Antique Armour Shop.
  4674 | D:5      | Bought a pair of glowing boots for 195 gold pieces
  4770 | D:5      | Reached XP level 8. HP: 48/71 MP: 8/8
  4948 | D:6      | Noticed mole0619's ghost (amateur HOMo)
  4962 | D:6      | Killed mole0619's ghost
  4962 | D:6      | Reached skill level 1 in Maces & Flails
  4962 | D:6      | Reached skill level 5 in Bows
  5125 | D:6      | Reached skill level 7 in Fighting
  5738 | D:7      | Found a white marble altar of Elyvilon.
  5750 | D:7      | Found a sparkling altar of Nemelex Xobeh.
  5797 | D:7      | Noticed bande's ghost (novice MiBe)
  5809 | D:7      | Mangled by bande's ghost

Skill      XL: |  1  2  3  4  5  6  7  8 |
---------------+-------------------------+-----
Fighting       | 5 6 7 |  7.1
Bows           | 3 4 6 |  6.1
Crossbows      | 2 3 4 5 |  5.6
Dodging        | 1 |  1.8
Stealth        | 1 |  1.4
Maces & Flails | 2 |  2.1
Throwing       | |  1.1
Shields        | |  1.7

Action                   |  1- 3 |  4- 6 |  7- 9 || total
-------------------------+-------+-------+-------++-------
Melee: Short sword       |       |     9 |     7 ||    16
       Flail             |       |     6 |       ||     6
       Tailslap          |       |     1 |     9 ||    10
       Dire flail        |       |       |    62 ||    62
 Fire: Hand crossbow     |    31 |   132 |    15 ||   178
       Shortbow          |    51 |    39 |   106 ||   196
Throw: Tomahawk          |       |     4 |       ||     4
 Abil: Breathe Acid      |       |       |     3 ||     3
  Use: Scroll            |     2 |     6 |     1 ||     9
  Eat: Bread ration      |     1 |     1 |     2 ||     4
Armor: Skin              |    14 |    26 |    47 ||    87
Dodge: Dodged            |    10 |    28 |    61 ||    99
Block: Shield            |       |    18 |     6 ||    24
